NYP
HILLSBORO HOPS @ BATAVIA MUCKDOGS
07/31/2045
 
TOP OF THE 1ST
Hillsboro Hops batting - Pitching for Batavia Muckdogs : LHP Byron Copeland
Pitching: LHP Byron Copeland
Batting: RHB Yasuo Nakata 0-0: Ball
1-0: Swinging Strike
1-1: Ball
2-1: Ball
3-1: Ground out 5-3 (Groundball, 56S, EV 90.6 MPH)
Batting: RHB Larry Valencia 0-0: Ground out 6-3 (Groundball, 6, EV 93.1 MPH)
Batting: RHB Chad Mendoza 0-0: Ball
1-0: Fly out, F7 (Flyball, 7S, EV 81.9 MPH)
Top of the 1st over - 0 runs, 0 hits, 0 errors, 0 left on base; Hillsboro 0 - Batavia 0
BOTTOM OF THE 1ST
Batavia Muckdogs batting - Pitching for Hillsboro Hops : LHP Afanasy Apatenko
Pitching: LHP Afanasy Apatenko
Batting: RHB Tom Thompson 0-0: Called Strike
0-1: Reached on error, E6 (Groundball, 6, EV 95.0 MPH)
Batting: LHB David Doge 0-0: Ball
1-0: Ball
2-0: Fielders Choice at 2nd, 2-4 (Groundball, 2L, EV 68.1 MPH)
Batting: RHB Len Graham 0-0: Called Strike
0-1: Ball
1-1: Called Strike
1-2: Ball
David Doge steals 2nd base (no throw)
2-2: Foul Ball, location: 2F
2-2: Ground out 4-3 (Groundball, 4, EV 102.5 MPH)
David Doge to third
Batting: RHB Jim Fisher 0-0: SINGLE (Groundball, 6MD, EV 101.9 MPH)
David Doge scores
Batting: RHB J.D. Vander Klok 0-0: Called Strike
0-1: Fielders Choice at 2nd, 6-4 (Groundball, 6, EV 105.0 MPH)
Bottom of the 1st over - 1 run, 1 hit, 1 error, 1 left on base; Hillsboro 0 - Batavia 1
TOP OF THE 2ND
Hillsboro Hops batting - Pitching for Batavia Muckdogs : LHP Byron Copeland
Batting: RHB Jeremy Adams 0-0: Ball
1-0: Called Strike
1-1: Ground out 6-3 (Groundball, 6, EV 102.5 MPH)
Batting: LHB Dillon Rizzuto 0-0: Ball
1-0: Called Strike
1-1: Ground out 4-3 (Groundball, 4, EV 87.5 MPH)
Batting: RHB Jeremy Coffey 0-0: Called Strike
0-1: Ball
1-1: Ball
2-1: Fly out, F9 (Flyball, 9LS, EV 84.4 MPH)
Top of the 2nd over - 0 runs, 0 hits, 0 errors, 0 left on base; Hillsboro 0 - Batavia 1
BOTTOM OF THE 2ND
Batavia Muckdogs batting - Pitching for Hillsboro Hops : LHP Afanasy Apatenko
Batting: RHB Andy Kelly 0-0: Foul Ball, location: 2F
0-1: Ball
1-1: Ball
2-1: Foul Ball, location: 2F
2-2: Foul Ball, location: 2F
2-2: Ball
3-2: Fly out, F8 (Flyball, 8LD, EV 100.6 MPH)
Batting: LHB Ryan Thompson 0-0: Ball
1-0: Called Strike
1-1: Called Strike
1-2: Strikes out swinging
Batting: RHB Jeremy Dennis 0-0: Called Strike
0-1: Swinging Strike
0-2: SOLO HOME RUN (Flyball, 78XD, EV 98.8 MPH), Distance : 409 ft
Batting: RHB Wilson Valdez 0-0: Called Strike
0-1: Swinging Strike
0-2: Ball
1-2: Strikes out swinging
Bottom of the 2nd over - 1 run, 1 hit, 0 errors, 0 left on base; Hillsboro 0 - Batavia 2
TOP OF THE 3RD
Hillsboro Hops batting - Pitching for Batavia Muckdogs : LHP Byron Copeland
Batting: RHB Bryan Shuller 0-0: DOUBLE (Flyball, 8LXD, EV 105.6 MPH)
Batting: SHB Mike Kiefer 0-0: Ball
Wild Pitch!
Bryan Shuller to third
1-0: Ball
2-0: Ball
3-0: Called Strike
3-1: SINGLE (Groundball, 56D, EV 95.0 MPH)
Bryan Shuller scores
Batting: RHB Trevor Corey 0-0: Ball
1-0: Swinging Strike
1-1: Ball
2-1: Swinging Strike
2-2: Strikes out swinging
Batting: RHB Yasuo Nakata 0-0: Foul Ball, location: 2F
0-1: Ball
1-1: Grounds into double play, 4-6-3 (Groundball, 4M, EV 110.0 MPH)
Top of the 3rd over - 1 run, 2 hits, 0 errors, 0 left on base; Hillsboro 1 - Batavia 2
BOTTOM OF THE 3RD
Batavia Muckdogs batting - Pitching for Hillsboro Hops : LHP Afanasy Apatenko
Batting: RHB Tom Thompson 0-0: Ball
1-0: Swinging Strike
1-1: Ball
2-1: Ball
3-1: Ground out 4-3 (Groundball, 34, EV 82.5 MPH)
Batting: LHB David Doge 0-0: Ball
1-0: Fly out, F9 (Flyball, 9, EV 86.9 MPH)
Batting: RHB Len Graham 0-0: Called Strike
0-1: Ball
1-1: Swinging Strike
1-2: Ball
2-2: Ball
3-2: Base on Balls
Batting: RHB Jim Fisher 0-0: Ball
Len Graham is caught stealing 2nd base 2-4
Bottom of the 3rd over - 0 runs, 0 hits, 0 errors, 0 left on base; Hillsboro 1 - Batavia 2
TOP OF THE 4TH
Hillsboro Hops batting - Pitching for Batavia Muckdogs : LHP Byron Copeland
Batting: RHB Larry Valencia 0-0: Ball
1-0: Ball
2-0: Ball
3-0: Base on Balls
Batting: RHB Chad Mendoza 0-0: Grounds into double play, 6-4-3 (Groundball, 56, EV 98.1 MPH)
Batting: RHB Jeremy Adams 0-0: Ball
1-0: Foul Ball, location: 2F
1-1: Ball
2-1: SINGLE (Groundball, 6MD, EV 98.1 MPH)
Batting: LHB Dillon Rizzuto 0-0: Ball
1-0: Ground out 2-3 (Groundball, 13S, EV 70.0 MPH)
Top of the 4th over - 0 runs, 1 hit, 0 errors, 1 left on base; Hillsboro 1 - Batavia 2
BOTTOM OF THE 4TH
Batavia Muckdogs batting - Pitching for Hillsboro Hops : LHP Afanasy Apatenko
Batting: RHB Jim Fisher 0-0: Foul Ball, location: 2F
0-1: Ball
1-1: Ball
2-1: Ball
3-1: Base on Balls
Batting: RHB J.D. Vander Klok 0-0: SINGLE (Groundball, 56S, EV 63.1 MPH) (infield hit)
Jim Fisher to second
Batting: RHB Andy Kelly 0-0: Called Strike
0-1: Foul Ball, location: 2F
0-2: Strikes out looking
Batting: LHB Ryan Thompson 0-0: Ball
1-0: Grounds into double play, 3-6-3 (Groundball, 3, EV 81.2 MPH)
Bottom of the 4th over - 0 runs, 1 hit, 0 errors, 1 left on base; Hillsboro 1 - Batavia 2
TOP OF THE 5TH
Hillsboro Hops batting - Pitching for Batavia Muckdogs : LHP Byron Copeland
Batting: RHB Jeremy Coffey 0-0: Fly out, F9 (Flyball, 9, EV 75.6 MPH)
Batting: RHB Bryan Shuller 0-0: Called Strike
0-1: Called Strike
0-2: Ball
1-2: Ball
2-2: Strikes out looking
Batting: SHB Mike Kiefer 0-0: Reached on error, E6 (Groundball, 6, EV 82.5 MPH)
Batting: RHB Trevor Corey 0-0: Foul Ball, location: 2F
0-1: Ball
1-1: SINGLE (Groundball, 4MD, EV 105.6 MPH)
Mike Kiefer to second
Runner from 2nd tries for 3rd, SAFE, no throw by CF
Batting: RHB Yasuo Nakata 0-0: Ball
1-0: Called Strike
1-1: Ball
2-1: Ball
Wild Pitch!
Mike Kiefer scores
Trevor Corey to second
3-1: Called Strike
3-2: Ground out 3-1 (Groundball, 13, EV 83.1 MPH)
Top of the 5th over - 1 run, 1 hit, 1 error, 1 left on base; Hillsboro 2 - Batavia 2
BOTTOM OF THE 5TH
Batavia Muckdogs batting - Pitching for Hillsboro Hops : LHP Afanasy Apatenko
Batting: RHB Jeremy Dennis 0-0: Ball
1-0: Foul Ball, location: 2F
1-1: Ball
2-1: Foul Ball, location: 2F
2-2: Ball
3-2: SINGLE (Groundball, 6S, EV 65.6 MPH) (infield hit)
Batting: RHB Wilson Valdez 0-0: Called Strike
Jeremy Dennis steals 2nd base
0-1: Ball
1-1: Reached on error, E6 (Groundball, 6, EV 100.6 MPH)
Jeremy Dennis to third
Batting: RHB Tom Thompson 0-0: Called Strike
0-1: Ball
1-1: Ball
2-1: Foul Ball, location: 2F
2-2: Grounds into double play, 4-6-3 (Groundball, 4, EV 78.8 MPH)
Jeremy Dennis scores
Batting: LHB David Doge 0-0: Ball
1-0: SOLO HOME RUN (Flyball, 9D, EV 100.0 MPH), Distance : 368 ft
Batting: RHB Len Graham 0-0: Ball
1-0: Ball
2-0: Ball
3-0: Base on Balls
Batting: RHB Jim Fisher 0-0: Foul Ball, location: 2F
0-1: Ball
1-1: Swinging Strike
1-2: Ball
Len Graham steals 2nd, throwing error, E2
Len Graham to third
2-2: Fly out, F8 (Flyball, 8RD, EV 83.8 MPH)
Bottom of the 5th over - 2 runs, 2 hits, 2 errors, 1 left on base; Hillsboro 2 - Batavia 4
TOP OF THE 6TH
Hillsboro Hops batting - Pitching for Batavia Muckdogs : LHP Byron Copeland
Batting: RHB Larry Valencia 0-0: Called Strike
0-1: Foul Ball, location: 2F
0-2: Ball
1-2: Strikes out looking
Batting: RHB Chad Mendoza 0-0: Ground out 6-3 (Groundball, 6M, EV 85.6 MPH)
Batting: RHB Jeremy Adams 0-0: Called Strike
0-1: Foul Ball, location: 2F
0-2: Ball
1-2: Strikes out swinging
Top of the 6th over - 0 runs, 0 hits, 0 errors, 0 left on base; Hillsboro 2 - Batavia 4
BOTTOM OF THE 6TH
Batavia Muckdogs batting - Pitching for Hillsboro Hops : LHP Afanasy Apatenko
Batting: RHB J.D. Vander Klok 0-0: Ball
1-0: Ball
2-0: Swinging Strike
2-1: Foul Ball, location: 2F
2-2: Strikes out looking
Batting: RHB Andy Kelly 0-0: Ball
1-0: DOUBLE (Line Drive, 7LS, EV 101.9 MPH)
Batting: LHB Ryan Thompson 0-0: Foul Ball, location: 2F
0-1: Ground out 4-3 (Groundball, 4, EV 83.1 MPH)
Andy Kelly to third
Batting: RHB Jeremy Dennis 0-0: Called Strike
0-1: Ball
1-1: Foul Ball, location: 2F
1-2: Ball
2-2: Ball
3-2: Foul Ball, location: 2F
3-2: TRIPLE (Groundball, 3L, EV 104.4 MPH)
Andy Kelly scores
Batting: RHB Wilson Valdez 0-0: Swinging Strike
0-1: Ball
1-1: TRIPLE (Flyball, 78XD, EV 107.5 MPH)
Jeremy Dennis scores
Batting: RHB Tom Thompson 0-0: Intentional Walk
Pitching: LHP Heath Henderson
Batting: LHB David Doge 0-0: Ball
1-0: Fly out, F7 (Flyball, 78D, EV 96.9 MPH)
Bottom of the 6th over - 2 runs, 3 hits, 0 errors, 2 left on base; Hillsboro 2 - Batavia 6
TOP OF THE 7TH
Hillsboro Hops batting - Pitching for Batavia Muckdogs : LHP Byron Copeland
Batting: LHB Dillon Rizzuto 0-0: Fly out, F9 (Flyball, 9S, EV 93.1 MPH)
Batting: RHB Jeremy Coffey 0-0: Ball
1-0: Ball
2-0: Ground out 5-3 (Groundball, 56, EV 84.4 MPH)
Batting: RHB Bryan Shuller 0-0: Ball
1-0: Ball
2-0: Fly out, F7 (Flyball, 7, EV 83.8 MPH)
Top of the 7th over - 0 runs, 0 hits, 0 errors, 0 left on base; Hillsboro 2 - Batavia 6
BOTTOM OF THE 7TH
Batavia Muckdogs batting - Pitching for Hillsboro Hops : LHP Heath Henderson
Batting: RHB Len Graham 0-0: Ball
1-0: Foul Ball, location: 2F
1-1: Fly out, F8 (Line Drive, 8RM, EV 92.5 MPH)
Batting: RHB Jim Fisher 0-0: Ball
1-0: Foul Ball, location: 2F
1-1: Ball
2-1: Called Strike
2-2: Ball
3-2: Base on Balls
Batting: RHB J.D. Vander Klok 0-0: Ball
1-0: Ball
2-0: Ball
3-0: Called Strike
3-1: Foul Ball, location: 2F
3-2: Base on Balls
Jim Fisher to second
Batting: RHB Andy Kelly 0-0: Ball
1-0: Ball
2-0: Ball
3-0: Base on Balls
Jim Fisher to third
J.D. Vander Klok to second
Pitching: RHP Rick Foster
Batting: LHB Ryan Thompson 0-0: Fly out, F9 (Flyball, 9S, EV 80.6 MPH)
Batting: RHB Jeremy Dennis 0-0: Ball
1-0: Ball
2-0: Fielders Choice at 2nd, 6-4 (Groundball, 4M, EV 84.4 MPH)
Bottom of the 7th over - 0 runs, 0 hits, 0 errors, 3 left on base; Hillsboro 2 - Batavia 6
TOP OF THE 8TH
Hillsboro Hops batting - Pitching for Batavia Muckdogs : LHP Byron Copeland
Pitching: RHP Aidan Mitchell
Batting: SHB Mike Kiefer 0-0: Foul Ball, location: 2F
0-1: Ball
1-1: Foul Ball, location: 2F
1-2: Ball
2-2: Ball
3-2: Ground out 4-3 (Groundball, 4, EV 106.9 MPH)
Batting: RHB Trevor Corey 0-0: Ball
1-0: Ground out U3 (Groundball, 34S, EV 80.6 MPH)
Batting: RHB Yasuo Nakata 0-0: SINGLE (Flyball, 6MD, EV 95.6 MPH)
Batting: RHB Larry Valencia 0-0: Ball
1-0: Called Strike
1-1: SINGLE (Line Drive, 8LS, EV 105.6 MPH)
Yasuo Nakata to second
Batting: RHB Chad Mendoza 0-0: Ground out 4-3 (Groundball, 4, EV 78.8 MPH)
Top of the 8th over - 0 runs, 2 hits, 0 errors, 2 left on base; Hillsboro 2 - Batavia 6
BOTTOM OF THE 8TH
Batavia Muckdogs batting - Pitching for Hillsboro Hops : RHP Rick Foster
Batting: RHB Wilson Valdez 0-0: Called Strike
0-1: DOUBLE (Flyball, 89XD, EV 105.6 MPH)
Batting: RHB Tom Thompson 0-0: Called Strike
0-1: Ball
Wild Pitch!
Wilson Valdez to third
1-1: Ball
2-1: Ball
3-1: Ground out 5-3 (Groundball, 5S, EV 65.0 MPH)
Batting: LHB David Doge 0-0: Swinging Strike
0-1: Swinging Strike
0-2: Strikes out swinging
Batting: RHB Len Graham 0-0: Ball
1-0: Foul Ball, location: 2F
1-1: Called Strike
1-2: Ball
2-2: Ball
Passed Ball!
Wilson Valdez scores
3-2: Foul Ball, location: 2F
3-2: Fly out, F7 (Flyball, 7, EV 80.6 MPH)
Bottom of the 8th over - 1 run, 1 hit, 0 errors, 0 left on base; Hillsboro 2 - Batavia 7
TOP OF THE 9TH
Hillsboro Hops batting - Pitching for Batavia Muckdogs : RHP Aidan Mitchell
Batting: RHB Jeremy Adams 0-0: Ground out 4-3 (Groundball, 4D, EV 103.1 MPH)
Pitching: RHP James Bitner
Batting: LHB Dillon Rizzuto 0-0: Called Strike
0-1: Swinging Strike
0-2: Ball
1-2: Foul Ball, location: 2F
1-2: Ball
2-2: Ball
3-2: Foul Ball, location: 2F
3-2: Foul Ball, location: 2F
3-2: Foul Ball, location: 2F
3-2: Foul Ball, location: 2F
3-2: Base on Balls
Batting: RHB Jeremy Coffey 0-0: Ball
1-0: Ball
2-0: Ball
3-0: Base on Balls
Dillon Rizzuto to second
Batting: RHB Bryan Shuller 0-0: Called Strike
0-1: Ball
1-1: Ball
Wild Pitch!
Dillon Rizzuto to third
Jeremy Coffey to second
2-1: Called Strike
2-2: Foul Ball, location: 2F
2-2: Ground out 6-3 (Groundball, 6, EV 105.0 MPH)
Dillon Rizzuto scores
Pitching: RHP Mike Yorke
Batting: SHB Mike Kiefer 0-0: Ball
1-0: Ball
2-0: Called Strike
2-1: Ball
3-1: Foul Ball, location: 2F
3-2: Strikes out swinging
Top of the 9th over - 1 run, 0 hits, 0 errors, 1 left on base; Hillsboro 3 - Batavia 7
Wednesday, June 22nd , 2022 - OOTP Baseball 23.4 Build 64